Eagles vs Crunch
(R1)
Created - January 4, 2022 at 19:01
Goals
|
| Eagles |
0 |
2 |
2 |
4 |
| Crunch |
0 |
1 |
0 |
1 |
|
Shots
|
| Eagles |
4 |
13 |
16 |
33 |
| Crunch |
6 |
10 |
18 |
34 |
|
1st period
No Goal
Penalties :
Mitch Callahan (Syr) for Holding (Minor) at 9:05
2nd period
1. Crunch , Anthony Cirelli 3 (Brock Boeser 13) at 7:22
2. Eagles , Matteson Iacopelli 2 (Drake Caggiula 6, Stefan Elliott 10) at 14:46
3. Eagles , Drake Caggiula 6 (Tomas Tatar 7) at 15:52
Penalties :
Jonathan Marchessault (Col) for Roughing (Minor) at 4:23
3rd period
4. Eagles , Dmitrij Jaskin 9 (Thomas Chabot 4) at 3:37
5. Eagles , Jonathan Marchessault 8 (Dmitrij Jaskin 5) at 18:42
Penalties :
Brock Boeser (Syr) for Tripping (Minor) at 8:32, Drake Caggiula (Col) for Hooking (Minor) at 9:12, Joel Edmundson (Col) for Slashing (Minor) at 13:19, Zach Aston-Reese (Col) for Interference (Minor) at 15:41
Goalie Stats
Marek Mazanek (Col), 33 saves from 34 shots - (0.971), W, 8-2-1, 60:00 minutes
Kaapo Kahkonen (Syr), 29 saves from 33 shots - (0.879), L, 5-4-2, 60:00 minutes
Players Stats for Eagles
Player Name G A P +/- PIM S H SB GA TA FO MP PP MP PK MP
------------------------------------------------------------------------------------
Connor Carrick 0 0 0 1 0 1 0 1 0 0 0/0 9:54 0:00 0:00
Daniel Carr 0 0 0 0 0 2 0 4 0 0 4/10 25:04 1:23 3:29
Dmitrij Jaskin 1 1 2 1 0 8 2 1 0 1 0/1 20:15 1:26 1:29
Drake Caggiula 1 1 2 2 2 5 4 1 0 0 6/11 17:06 1:12 0:30
Jared McCann 0 0 0 0 0 1 1 2 0 1 1/2 15:08 0:00 0:10
Joel Edmundson 0 0 0 0 2 1 1 5 0 2 0/0 23:33 1:46 2:21
John Ramage 0 0 0 2 0 2 1 0 0 0 0/0 19:07 0:53 2:52
Jonathan Marchessault 1 0 1 1 2 2 5 0 0 0 9/22 20:09 1:26 1:00
Jonathan Racine 0 0 0 0 0 1 1 1 0 0 0/0 6:05 0:00 0:04
Joseph Blandisi 0 0 0 0 0 2 3 2 0 0 0/0 13:21 0:00 1:21
Matteson Iacopelli 1 0 1 2 0 1 1 0 0 0 2/2 16:24 1:13 0:00
Michael Dal Colle 0 0 0 0 0 0 0 0 0 1 0/0 4:25 0:00 0:00
Pius Suter 0 0 0 0 0 0 0 0 0 0 0/0 1:31 0:00 0:00
Ryan Murphy 0 0 0 2 0 1 1 0 0 0 0/0 19:07 0:53 2:52
Sam Steel 0 0 0 0 0 0 0 0 0 0 0/0 1:51 0:00 1:41
Stefan Elliott 0 1 1 0 0 1 0 3 0 1 0/0 24:54 1:46 3:41
Thomas Chabot 0 1 1 1 0 1 0 0 0 0 0/0 11:34 0:00 1:24
Tomas Tatar 0 1 1 2 0 3 0 1 0 0 1/2 21:05 1:13 3:34
Tyler Motte 0 0 0 1 0 0 1 0 0 0 0/0 3:25 0:03 0:00
Xavier Ouellet 0 0 0 0 0 0 0 1 0 0 0/0 5:48 0:00 0:00
Zach Aston-Reese 0 0 0 0 2 1 2 0 0 0 1/4 12:14 0:00 0:00
Players Stats for Crunch
Player Name G A P +/- PIM S H SB GA TA FO MP PP MP PK MP
------------------------------------------------------------------------------------
Anatoli Golyshev 0 0 0 -1 0 2 0 0 0 0 0/0 9:17 0:00 0:29
Anthony Cirelli 1 0 1 0 0 4 0 2 0 0 15/29 19:36 3:06 0:00
Brendan Guhle 0 0 0 -2 0 4 1 2 0 0 0/0 26:42 3:15 1:18
Brock Boeser 0 1 1 0 2 3 3 1 3 0 0/0 20:52 3:39 0:35
Charles-Olivier Roussel 0 0 0 0 0 0 1 1 0 0 0/0 20:17 3:03 1:21
Christoffer Ehn 0 0 0 -1 0 0 3 1 0 0 4/9 15:48 2:54 0:00
Connor Bunnaman 0 0 0 -1 0 1 1 0 0 0 1/2 8:27 0:00 0:00
Dalton Smith 0 0 0 -1 0 2 1 0 0 0 0/0 11:55 0:00 0:32
Dylan Strome 0 0 0 -1 0 0 2 0 0 0 3/6 11:02 0:00 0:00
Jacob Larsson 0 0 0 -1 0 2 0 0 0 0 0/0 12:48 0:46 0:00
Jeremy Lauzon 0 0 0 -1 0 0 0 3 0 0 0/0 23:46 3:07 1:18
Kevin Fiala 0 0 0 -1 0 2 0 0 0 0 0/0 11:43 0:04 0:00
Kyle Capobianco 0 0 0 -1 0 0 0 0 0 0 0/0 4:40 0:00 0:00
Max McCormick 0 0 0 0 0 0 0 0 0 0 1/1 1:06 0:07 0:00
Michael Downing 0 0 0 -1 0 3 1 0 0 0 0/0 11:38 0:00 0:00
Mitch Callahan 0 0 0 -1 2 1 2 1 0 0 0/1 8:49 0:00 0:00
Nicolas Aube-Kubel 0 0 0 -1 0 3 1 0 2 0 1/1 16:54 2:54 0:38
Sean Walker 0 0 0 0 0 1 0 0 0 0 0/0 20:09 3:03 1:21
Teemu Hartikainen 0 0 0 -1 0 2 3 0 0 0 0/0 18:25 3:28 1:32
William Nylander 0 0 0 0 0 4 4 0 1 0 5/5 22:06 3:39 1:32
3 Stars
1 - Marek Mazanek (Col)
2 - Drake Caggiula (Col)
3 - Dmitrij Jaskin (Col)
Power Play
Eagles - 0 on 2 Attempt(s) - 0.00%
Crunch - 0 on 4 Attempt(s) - 0.00%
Penalty Kill
Eagles - 4 on 4 Attempt(s) - 100.00%
- Score 0 goal in Penalty Kill
Crunch - 2 on 2 Attempt(s) - 100.00%
- Score 0 goal in Penalty Kill
Team Stat
Eagles - Hits : 23 - Faceoff Wins : 24 - Blocked Shots : 22 - Penalty Minutes : 8
Crunch - Hits : 23 - Faceoff Wins : 30 - Blocked Shots : 11 - Penalty Minutes : 4
Official
Referees : Graham Skilliter and Pierre Lambert
Linesman : Travis Toomey and Derek Amell
Game Notes
No Game Note
Finance
Level 1 -- Attendance: 1793 (89.65%) -- Ticket Income $62,755
Level 2 -- Attendance: 937 (93.70%) -- Ticket Income $14,055
Total Attendance: 2730 (91.00%)
Total Ticket Income: $76,810
Other Income: $3,840
Total Income: $80,650
Eagles
5 vs 5 Forward
Center Left Wing Right Wing Time % Phy DF OF
1 Jonathan Marchessault Daniel Carr Dmitrij Jaskin 40 1 2 2
2 Drake Caggiula Tomas Tatar Matteson Iacopelli 30 1 2 2
3 Zach Aston-Reese Joseph Blandisi Jared McCann 20 1 2 2
4 Jared McCann Michael Dal Colle Daniel Carr 10 1 2 2
5 vs 5 Defense
Defense Defense Time % Phy DF OF
1 Joel Edmundson Stefan Elliott 40 1 2 2
2 Ryan Murphy John Ramage 30 1 2 2
3 Connor Carrick Thomas Chabot 20 1 2 2
4 Jonathan Racine Xavier Ouellet 10 1 2 2
PowerPlay Forward
Center Left Wing Right Wing Time % Phy DF OF
1 Jonathan Marchessault Daniel Carr Dmitrij Jaskin 60 1 2 2
2 Drake Caggiula Tomas Tatar Matteson Iacopelli 40 1 2 2
PowerPlay Defense
Defense Defense Time % Phy DF OF
1 Joel Edmundson Stefan Elliott 60 1 2 2
2 Ryan Murphy John Ramage 40 1 2 2
Penalty Kill 4 Players Forward
Center Wing Time % Phy DF OF
1 Daniel Carr Tomas Tatar 60 1 2 2
2 Jonathan Marchessault Dmitrij Jaskin 40 1 2 2
Penalty Kill 4 Players Defense
Defense Defense Time % Phy DF OF
1 Joel Edmundson Stefan Elliott 60 1 2 2
2 Ryan Murphy John Ramage 40 1 2 2
Penalty Kill - 3 Players Forward
Forward Time % Phy DF OF
1 Daniel Carr 60 1 2 2
2 Tomas Tatar 40 1 2 2
Penalty Kill - 3 Players Defense
Defense Defense Time % Phy DF OF
1 Joel Edmundson Stefan Elliott 60 1 2 2
2 Ryan Murphy John Ramage 40 1 2 2
4 vs 4 Forward
Center Wing Time % Phy DF OF
1 Daniel Carr Tomas Tatar 60 1 2 2
2 Jonathan Marchessault Dmitrij Jaskin 40 1 2 2
4 vs 4 Defense
Defense Defense Time % Phy DF OF
1 Joel Edmundson Stefan Elliott 60 1 2 2
2 Ryan Murphy John Ramage 40 1 2 2
Last Minutes Offensive
Center Left Wing Right Wing Defense Defense
Jonathan Marchessault Daniel Carr Dmitrij Jaskin Joel Edmundson Stefan Elliott
Last Minutes Defensive
Center Left Wing Right Wing Defense Defense
Jonathan Marchessault Daniel Carr Dmitrij Jaskin Joel Edmundson Stefan Elliott
Goaltenders
Starting : Marek Mazanek
Backup : Antoine Bibeau
Extra Forwards
Normal : Tyler Motte, Pius Suter, Sam Steel - PP : Tyler Motte, Pius Suter - PK : Sam Steel
Extra Defensemen
Normal : Connor Carrick, Thomas Chabot, Jonathan Racine - PP : Connor Carrick - PK : Thomas Chabot, Jonathan Racine
Penalty Shots
Daniel Carr, Tomas Tatar, Jonathan Marchessault, Dmitrij Jaskin, Joseph Blandisi
Scratches
Anthony Duclair (Strained Right Elbow Injury), Chris Calhan (Healthy), Dominik Kubalik (Healthy), Mark Friedman (Healthy), Keaton Middleton (Healthy)
Max Lajoie (Healthy), Pascal Laberge (Healthy), Adin Hill (Healthy)
Crunch
5 vs 5 Forward
Center Left Wing Right Wing Time % Phy DF OF
1 Anthony Cirelli William Nylander Brock Boeser 40 1 2 2
2 Christoffer Ehn Teemu Hartikainen Nicolas Aube-Kubel 30 1 2 2
3 Dylan Strome Dalton Smith Kevin Fiala 20 1 2 2
4 Connor Bunnaman Anatoli Golyshev Mitch Callahan 10 1 2 2
5 vs 5 Defense
Defense Defense Time % Phy DF OF
1 Brendan Guhle Jeremy Lauzon 40 1 2 2
2 Charles-Olivier Roussel Sean Walker 30 1 2 2
3 Jacob Larsson Michael Downing 20 1 2 2
4 Kyle Capobianco Brendan Guhle 10 1 2 2
PowerPlay Forward
Center Left Wing Right Wing Time % Phy DF OF
1 Anthony Cirelli William Nylander Brock Boeser 60 1 2 2
2 Christoffer Ehn Teemu Hartikainen Nicolas Aube-Kubel 40 1 2 2
PowerPlay Defense
Defense Defense Time % Phy DF OF
1 Brendan Guhle Jeremy Lauzon 60 1 2 2
2 Charles-Olivier Roussel Sean Walker 40 1 2 2
Penalty Kill 4 Players Forward
Center Wing Time % Phy DF OF
1 William Nylander Teemu Hartikainen 60 1 2 2
2 Brock Boeser Nicolas Aube-Kubel 40 1 2 2
Penalty Kill 4 Players Defense
Defense Defense Time % Phy DF OF
1 Brendan Guhle Jeremy Lauzon 60 1 2 2
2 Charles-Olivier Roussel Sean Walker 40 1 2 2
Penalty Kill - 3 Players Forward
Forward Time % Phy DF OF
1 William Nylander 60 1 2 2
2 Teemu Hartikainen 40 1 2 2
Penalty Kill - 3 Players Defense
Defense Defense Time % Phy DF OF
1 Brendan Guhle Jeremy Lauzon 60 1 2 2
2 Charles-Olivier Roussel Sean Walker 40 1 2 2
4 vs 4 Forward
Center Wing Time % Phy DF OF
1 William Nylander Teemu Hartikainen 60 1 2 2
2 Brock Boeser Nicolas Aube-Kubel 40 1 2 2
4 vs 4 Defense
Defense Defense Time % Phy DF OF
1 Brendan Guhle Jeremy Lauzon 60 1 2 2
2 Charles-Olivier Roussel Sean Walker 40 1 2 2
Last Minutes Offensive
Center Left Wing Right Wing Defense Defense
Anthony Cirelli William Nylander Brock Boeser Brendan Guhle Jeremy Lauzon
Last Minutes Defensive
Center Left Wing Right Wing Defense Defense
Anthony Cirelli William Nylander Brock Boeser Brendan Guhle Jeremy Lauzon
Goaltenders
Starting : Kaapo Kahkonen
Backup : Josef Korenar
Extra Forwards
Normal : Max McCormick, Kevin Fiala, Dalton Smith - PP : Max McCormick, Kevin Fiala - PK : Dalton Smith
Extra Defensemen
Normal : Jacob Larsson, Michael Downing, Kyle Capobianco - PP : Jacob Larsson - PK : Michael Downing, Kyle Capobianco
Penalty Shots
William Nylander, Teemu Hartikainen, Brock Boeser, Nicolas Aube-Kubel, Anthony Cirelli
Scratches
Jordan Oesterle (Broken Right Index Finger Injury)
% Time on Ice - Eagles
Lines # - Real PCT - Wanted PCT - Time Play
Normal Forward
1 - 36% - 40% - 17:46
2 - 31% - 30% - 15:14
3 - 24% - 20% - 12:00
4 - 9% - 10% - 4:25
Normal Defense
1 - 38% - 40% - 18:32
2 - 31% - 30% - 15:11
3 - 20% - 20% - 9:54
4 - 12% - 10% - 5:48
PP Forward
1 - 54% - 60% - 1:26
2 - 46% - 40% - 1:13
PP Defense
1 - 67% - 60% - 1:46
2 - 33% - 40% - 0:53
PK Forward
1 - 78% - 60% - 5:08
2 - 22% - 40% - 1:29
PK Defense
1 - 57% - 60% - 3:45
2 - 43% - 40% - 2:52
PK3 Forward
1 - 0% - 60%
2 - 0% - 40%
PK3 Defense
1 - 0% - 60%
2 - 0% - 40%
44 Forward
1 - 71% - 60% - 0:56
2 - 29% - 40% - 0:23
44 Defense
1 - 86% - 60% - 1:08
2 - 14% - 40% - 0:11
Last Minute Offensive - 0:00
Last Minute Defensive - 0:00
Total
Forward - 60:00
Defense - 60:00
|
% Time on Ice - Crunch
Lines # - Real PCT - Wanted PCT - Time Play
Normal Forward
1 - 33% - 40% - 16:30
2 - 27% - 30% - 13:26
3 - 22% - 20% - 11:02
4 - 17% - 10% - 8:27
Normal Defense
1 - 38% - 40% - 18:49
2 - 30% - 30% - 14:58
3 - 24% - 20% - 11:38
4 - 8% - 10% - 4:00
PP Forward
1 - 56% - 60% - 3:43
2 - 44% - 40% - 2:54
PP Defense
1 - 54% - 60% - 3:34
2 - 46% - 40% - 3:03
PK Forward
1 - 76% - 60% - 2:01
2 - 24% - 40% - 0:38
PK Defense
1 - 49% - 60% - 1:18
2 - 51% - 40% - 1:21
PK3 Forward
1 - 0% - 60%
2 - 0% - 40%
PK3 Defense
1 - 0% - 60%
2 - 0% - 40%
44 Forward
1 - 100% - 60% - 1:19
2 - 0% - 40% - 0:00
44 Defense
1 - 41% - 60% - 0:32
2 - 59% - 40% - 0:47
Last Minute Offensive - 0:00
Last Minute Defensive - 0:00
Total
Forward - 60:00
Defense - 60:00
|
Play-by-Play
1st period
0:01 of 1st period - Jonathan Marchessault wins face-off versus Anthony Cirelli in neutral zone.
0:08 of 1st period - Snap shot by Daniel Carr.
0:08 of 1st period - Stopped by Kaapo Kahkonen without a rebound.
0:09 of 1st period - Jonathan Marchessault wins face-off versus Anthony Cirelli in Crunch zone.
0:10 of 1st period - Wrist shot by Dmitrij Jaskin.
0:10 of 1st period - Shot Blocked by Brendan Guhle.
1:08 of 1st period - Stefan Elliott is hit by William Nylander and loses puck.
1:55 of 1st period - Wrist shot by Brock Boeser.
1:55 of 1st period - Stopped by Marek Mazanek without a rebound.
1:56 of 1st period - Tomas Tatar wins face-off versus Christoffer Ehn in Eagles zone.
2:15 of 1st period - Christoffer Ehn is hit by Drake Caggiula and loses puck.
3:13 of 1st period - Nicolas Aube-Kubel is hit by Zach Aston-Reese and loses puck.
3:20 of 1st period - Connor Carrick is hit by Michael Downing.
3:24 of 1st period - Thomas Chabot is hit by Teemu Hartikainen and loses puck.
6:18 of 1st period - Stefan Elliott is hit by Charles-Olivier Roussel and loses puck.
7:02 of 1st period - John Ramage is hit by Dylan Strome and loses puck.
8:24 of 1st period - Matteson Iacopelli is hit by William Nylander and loses puck.
8:43 of 1st period - Teemu Hartikainen is hit by Zach Aston-Reese and loses puck.
9:05 of 1st period - Minor Penalty to Mitch Callahan for Holding.
9:06 of 1st period - William Nylander wins face-off versus Dmitrij Jaskin in Crunch zone.
9:06 of 1st period - William Nylander is hit by Jonathan Marchessault.
10:23 of 1st period - Matteson Iacopelli is hit by Brock Boeser.
11:05 of 1st period - Penalty to Mitch Callahan is over, Mitch Callahan is back on ice.
11:13 of 1st period - Snap shot by Zach Aston-Reese.
11:13 of 1st period - Shot Misses the Net.
11:31 of 1st period - Snap shot by Dalton Smith.
11:31 of 1st period - Stopped by Marek Mazanek without a rebound.
11:32 of 1st period - Jared McCann wins face-off versus Dylan Strome in Eagles zone.
11:55 of 1st period - Drake Caggiula is hit by Mitch Callahan and loses puck.
12:00 of 1st period - Wrist shot by Anatoli Golyshev.
12:00 of 1st period - Shot Misses the Net.
12:02 of 1st period - Slapshot by Connor Bunnaman.
12:02 of 1st period - Stopped by Marek Mazanek without a rebound.
12:03 of 1st period - Anthony Cirelli wins face-off versus Jonathan Marchessault in Eagles zone.
12:10 of 1st period - Snap shot by Brock Boeser.
12:10 of 1st period - Shot Blocked by Stefan Elliott.
12:18 of 1st period - Wrist shot by Dmitrij Jaskin.
12:18 of 1st period - Stopped by Kaapo Kahkonen with a rebound.
12:28 of 1st period - Joel Edmundson is hit by Christoffer Ehn and loses puck.
15:08 of 1st period - Wrist shot by Joseph Blandisi.
15:08 of 1st period - Deflect By Jeremy Lauzon.
15:08 of 1st period - Stopped by Kaapo Kahkonen with a rebound.
15:20 of 1st period - Brock Boeser is hit by Tyler Motte and loses puck.
15:53 of 1st period - Snap shot by Mitch Callahan.
15:53 of 1st period - Deflect By Anatoli Golyshev.
15:53 of 1st period - Shot Blocked by Xavier Ouellet.
15:53 of 1st period - Puck is out of play.
15:54 of 1st period - Jonathan Marchessault wins face-off versus Mitch Callahan in Eagles zone.
16:19 of 1st period - Backhand shot by Tomas Tatar.
16:19 of 1st period - Shot Hit the Post.
16:33 of 1st period - Sean Walker is hit by Joseph Blandisi and loses puck.
16:40 of 1st period - Wrist shot by Joseph Blandisi.
16:40 of 1st period - Deflect By Zach Aston-Reese.
16:40 of 1st period - Shot Misses the Net.
16:40 of 1st period - Puck is out of play.
16:41 of 1st period - Anthony Cirelli wins face-off versus Jonathan Marchessault in Crunch zone.
16:41 of 1st period - Anthony Cirelli is hit by Dmitrij Jaskin.
17:03 of 1st period - Icing by Thomas Chabot.
17:04 of 1st period - Drake Caggiula wins face-off versus Christoffer Ehn in Eagles zone.
17:35 of 1st period - Snap shot by Dmitrij Jaskin.
17:35 of 1st period - Stopped by Kaapo Kahkonen with a rebound.
17:37 of 1st period - Wrist shot by Jonathan Marchessault.
17:37 of 1st period - Shot Blocked by Brock Boeser.
17:39 of 1st period - Wrist shot by Jonathan Marchessault.
17:39 of 1st period - Shot Misses the Net.
17:49 of 1st period - Dalton Smith is hit by Joseph Blandisi and loses puck.
17:56 of 1st period - Snap shot by Zach Aston-Reese.
17:56 of 1st period - Shot Blocked by Jeremy Lauzon.
18:16 of 1st period - Snap shot by Nicolas Aube-Kubel.
18:16 of 1st period - Shot Misses the Net.
18:32 of 1st period - Connor Carrick is hit by Connor Bunnaman and loses puck.
18:56 of 1st period - Slapshot by Michael Downing.
18:56 of 1st period - Stopped by Marek Mazanek with a rebound.
19:44 of 1st period - Snap shot by Christoffer Ehn.
19:44 of 1st period - Shot Blocked by Joel Edmundson.
19:56 of 1st period - Wrist shot by Anatoli Golyshev.
19:56 of 1st period - Stopped by Marek Mazanek with a rebound.
19:58 of 1st period - Slapshot by Michael Downing.
19:58 of 1st period - Stopped by Marek Mazanek without a rebound.
19:59 of 1st period - Matteson Iacopelli wins face-off versus Connor Bunnaman in Eagles zone.
Goals for this period are 0 for Eagles vs 0 for Crunch.
Shots for this period are 4 for Eagles vs 6 for Crunch.
2nd period
0:01 of 2nd period - Jonathan Marchessault wins face-off versus Anthony Cirelli in neutral zone.
0:13 of 2nd period - Slapshot by John Ramage.
0:13 of 2nd period - Shot Misses the Net.
0:15 of 2nd period - Snap shot by Dmitrij Jaskin.
0:15 of 2nd period - Deflect By Jonathan Marchessault.
0:15 of 2nd period - Shot Misses the Net.
0:15 of 2nd period - Puck is out of play.
0:16 of 2nd period - Christoffer Ehn wins face-off versus Drake Caggiula in Crunch zone.
0:16 of 2nd period - Christoffer Ehn is hit by Drake Caggiula.
0:41 of 2nd period - Joel Edmundson is hit by William Nylander and loses puck.
0:50 of 2nd period - Slapshot by Jonathan Marchessault.
0:50 of 2nd period - Stopped by Kaapo Kahkonen without a rebound.
0:51 of 2nd period - Matteson Iacopelli wins face-off versus Anthony Cirelli in Crunch zone.
0:59 of 2nd period - Snap shot by Ryan Murphy.
0:59 of 2nd period - Shot Blocked by Charles-Olivier Roussel.
1:01 of 2nd period - Slapshot by Drake Caggiula.
1:01 of 2nd period - Stopped by Kaapo Kahkonen with a rebound.
1:03 of 2nd period - Slapshot by John Ramage.
1:03 of 2nd period - Stopped by Kaapo Kahkonen with a rebound.
2:16 of 2nd period - Snap shot by Dmitrij Jaskin.
2:16 of 2nd period - Stopped by Kaapo Kahkonen with a rebound.
2:18 of 2nd period - Slapshot by Ryan Murphy.
2:18 of 2nd period - Shot Misses the Net.
2:32 of 2nd period - Nicolas Aube-Kubel is hit by Joseph Blandisi and loses puck.
3:58 of 2nd period - Stefan Elliott is hit by Dylan Strome and loses puck.
4:23 of 2nd period - Minor Penalty to Jonathan Marchessault for Roughing.
4:24 of 2nd period - Anthony Cirelli wins face-off versus Daniel Carr in Eagles zone.
4:25 of 2nd period - Wrist shot by William Nylander.
4:25 of 2nd period - Shot Blocked by Joel Edmundson.
4:31 of 2nd period - Brock Boeser is hit by Joel Edmundson and loses puck.
4:59 of 2nd period - Tomas Tatar is hit by Teemu Hartikainen.
5:35 of 2nd period - Charles-Olivier Roussel is hit by Dmitrij Jaskin and loses puck.
6:02 of 2nd period - John Ramage is hit by Christoffer Ehn and loses puck.
6:23 of 2nd period - Penalty to Jonathan Marchessault is over, Jonathan Marchessault is back on ice.
6:28 of 2nd period - Christoffer Ehn is hit by Jonathan Marchessault and loses puck.
6:44 of 2nd period - Wrist shot by Christoffer Ehn.
6:44 of 2nd period - Shot Blocked by Daniel Carr.
6:46 of 2nd period - Wrist shot by Nicolas Aube-Kubel.
6:46 of 2nd period - Deflect By Teemu Hartikainen.
6:46 of 2nd period - Stopped by Marek Mazanek without a rebound.
6:47 of 2nd period - Anthony Cirelli wins face-off versus Zach Aston-Reese in Eagles zone.
6:48 of 2nd period - Wrist shot by William Nylander.
6:48 of 2nd period - Stopped by Marek Mazanek with a rebound.
6:54 of 2nd period - Joseph Blandisi is hit by Brock Boeser and loses puck.
7:01 of 2nd period - Snap shot by Connor Carrick.
7:01 of 2nd period - Deflect By Brock Boeser.
7:01 of 2nd period - Stopped by Kaapo Kahkonen with a rebound.
7:03 of 2nd period - Slapshot by Jonathan Racine.
7:03 of 2nd period - Stopped by Kaapo Kahkonen without a rebound.
7:04 of 2nd period - Dylan Strome wins face-off versus Zach Aston-Reese in Crunch zone.
7:14 of 2nd period - Off-side.
7:15 of 2nd period - Anthony Cirelli wins face-off versus Jonathan Marchessault in neutral zone.
7:18 of 2nd period - Snap shot by Brock Boeser.
7:18 of 2nd period - Shot Misses the Net.
7:20 of 2nd period - Snap shot by Anthony Cirelli.
7:20 of 2nd period - Stopped by Marek Mazanek with a rebound.
7:22 of 2nd period - Wrist shot by Anthony Cirelli.
7:22 of 2nd period - Goal by Anthony Cirelli - Eagles : 0 - Crunch : 1.
7:23 of 2nd period - Anthony Cirelli wins face-off versus Jonathan Marchessault in neutral zone.
8:40 of 2nd period - Snap shot by Christoffer Ehn.
8:40 of 2nd period - Deflect By Nicolas Aube-Kubel.
8:40 of 2nd period - Deflect By Thomas Chabot.
8:40 of 2nd period - Stopped by Marek Mazanek without a rebound.
8:41 of 2nd period - Christoffer Ehn wins face-off versus Jonathan Marchessault in Eagles zone.
8:44 of 2nd period - Snap shot by Nicolas Aube-Kubel.
8:44 of 2nd period - Deflect By Teemu Hartikainen.
8:44 of 2nd period - Shot Misses the Net.
8:44 of 2nd period - Puck is out of play.
8:45 of 2nd period - Daniel Carr wins face-off versus Christoffer Ehn in Eagles zone.
8:45 of 2nd period - Daniel Carr is hit by Christoffer Ehn.
8:55 of 2nd period - Wrist shot by Nicolas Aube-Kubel.
8:55 of 2nd period - Deflect By Teemu Hartikainen.
8:55 of 2nd period - Shot Hit the Post.
8:55 of 2nd period - Puck is out of play.
8:56 of 2nd period - Anthony Cirelli wins face-off versus Jonathan Marchessault in Eagles zone.
9:03 of 2nd period - Slapshot by Dmitrij Jaskin.
9:03 of 2nd period - Shot Blocked by Jeremy Lauzon.
11:30 of 2nd period - Slapshot by Jeremy Lauzon.
11:30 of 2nd period - Shot Misses the Net.
11:54 of 2nd period - Snap shot by Kevin Fiala.
11:54 of 2nd period - Deflect By Thomas Chabot.
11:54 of 2nd period - Shot Blocked by Connor Carrick.
11:54 of 2nd period - Puck is out of play.
11:55 of 2nd period - Dylan Strome wins face-off versus Drake Caggiula in Eagles zone.
12:00 of 2nd period - Wrist shot by Dalton Smith.
12:00 of 2nd period - Stopped by Marek Mazanek with a rebound.
12:02 of 2nd period - Slapshot by Sean Walker.
12:02 of 2nd period - Stopped by Marek Mazanek without a rebound.
12:03 of 2nd period - Anthony Cirelli wins face-off versus Jonathan Marchessault in Eagles zone.
13:21 of 2nd period - Slapshot by Jeremy Lauzon.
13:21 of 2nd period - Shot Blocked by Daniel Carr.
13:23 of 2nd period - Slapshot by Brendan Guhle.
13:23 of 2nd period - Stopped by Marek Mazanek with a rebound.
13:25 of 2nd period - Slapshot by Jeremy Lauzon.
13:25 of 2nd period - Deflect By William Nylander.
13:25 of 2nd period - Shot Blocked by Jonathan Racine.
13:25 of 2nd period - Puck is out of play.
13:26 of 2nd period - Christoffer Ehn wins face-off versus Drake Caggiula in Eagles zone.
13:51 of 2nd period - Snap shot by William Nylander.
13:51 of 2nd period - Stopped by Marek Mazanek with a rebound.
14:18 of 2nd period - Slapshot by Stefan Elliott.
14:18 of 2nd period - Shot Blocked by Mitch Callahan.
14:20 of 2nd period - Snap shot by Dmitrij Jaskin.
14:20 of 2nd period - Stopped by Kaapo Kahkonen with a rebound.
14:22 of 2nd period - Slapshot by Joel Edmundson.
14:22 of 2nd period - Stopped by Kaapo Kahkonen with a rebound.
14:24 of 2nd period - Slapshot by Jonathan Marchessault.
14:24 of 2nd period - Shot Misses the Net.
14:26 of 2nd period - Wrist shot by Stefan Elliott.
14:26 of 2nd period - Stopped by Kaapo Kahkonen without a rebound.
14:27 of 2nd period - Drake Caggiula wins face-off versus Anthony Cirelli in Crunch zone.
14:32 of 2nd period - Slapshot by Tomas Tatar.
14:32 of 2nd period - Stopped by Kaapo Kahkonen with a rebound.
14:34 of 2nd period - Snap shot by Drake Caggiula.
14:34 of 2nd period - Deflect By Brock Boeser.
14:34 of 2nd period - Shot Misses the Net.
14:34 of 2nd period - Puck is out of play.
14:35 of 2nd period - Drake Caggiula wins face-off versus Anthony Cirelli in Crunch zone.
14:40 of 2nd period - Slapshot by Stefan Elliott.
14:40 of 2nd period - Shot Misses the Net.
14:42 of 2nd period - Slapshot by Stefan Elliott.
14:42 of 2nd period - Shot Blocked by Anthony Cirelli.
14:44 of 2nd period - Snap shot by Drake Caggiula.
14:44 of 2nd period - Stopped by Kaapo Kahkonen with a rebound.
14:46 of 2nd period - Slapshot by Matteson Iacopelli.
14:46 of 2nd period - Goal by Matteson Iacopelli - Eagles : 1 - Crunch : 1.
14:47 of 2nd period - Jonathan Marchessault wins face-off versus Anthony Cirelli in neutral zone.
14:58 of 2nd period - Snap shot by Jonathan Marchessault.
14:58 of 2nd period - Deflect By Dmitrij Jaskin.
14:58 of 2nd period - Shot Misses the Net.
14:58 of 2nd period - Puck is out of play.
14:59 of 2nd period - Jonathan Marchessault wins face-off versus Anthony Cirelli in Crunch zone.
15:12 of 2nd period - Snap shot by Jeremy Lauzon.
15:12 of 2nd period - Deflect By Brock Boeser.
15:12 of 2nd period - Shot Blocked by Joel Edmundson.
15:12 of 2nd period - Puck is out of play.
15:13 of 2nd period - Anthony Cirelli wins face-off versus Daniel Carr in Eagles zone.
15:39 of 2nd period - Nicolas Aube-Kubel is hit by Drake Caggiula and loses puck.
15:44 of 2nd period - Wrist shot by Tomas Tatar.
15:44 of 2nd period - Deflect By Matteson Iacopelli.
15:44 of 2nd period - Shot Blocked by Christoffer Ehn.
15:44 of 2nd period - Puck is out of play.
15:45 of 2nd period - Drake Caggiula wins face-off versus Christoffer Ehn in Crunch zone.
15:48 of 2nd period - Slapshot by Tomas Tatar.
15:48 of 2nd period - Shot Misses the Net.
15:50 of 2nd period - Slapshot by Tomas Tatar.
15:50 of 2nd period - Shot Misses the Net.
15:52 of 2nd period - Wrist shot by Drake Caggiula.
15:52 of 2nd period - Goal by Drake Caggiula - Eagles : 2 - Crunch : 1.
15:53 of 2nd period - Anthony Cirelli wins face-off versus Jonathan Marchessault in neutral zone.
16:20 of 2nd period - Matteson Iacopelli is hit by Nicolas Aube-Kubel.
17:09 of 2nd period - Connor Carrick is hit by Dalton Smith and loses puck.
17:24 of 2nd period - Michael Downing is hit by Drake Caggiula.
17:42 of 2nd period - Zach Aston-Reese is hit by Teemu Hartikainen.
17:54 of 2nd period - Slapshot by Teemu Hartikainen.
17:54 of 2nd period - Shot Blocked by Jared McCann.
18:22 of 2nd period - Joel Edmundson is hit by Brock Boeser and loses puck.
19:01 of 2nd period - Snap shot by Anatoli Golyshev.
19:01 of 2nd period - Stopped by Marek Mazanek with a rebound.
19:26 of 2nd period - Snap shot by Nicolas Aube-Kubel.
19:26 of 2nd period - Shot Blocked by Dmitrij Jaskin.
Goals for this period are 2 for Eagles vs 1 for Crunch.
Shots for this period are 13 for Eagles vs 10 for Crunch.
3rd period
0:01 of 3rd period - Daniel Carr wins face-off versus Anthony Cirelli in neutral zone.
1:21 of 3rd period - Wrist shot by Dmitrij Jaskin.
1:21 of 3rd period - Stopped by Kaapo Kahkonen with a rebound.
2:11 of 3rd period - Slapshot by Kevin Fiala.
2:11 of 3rd period - Stopped by Marek Mazanek without a rebound.
2:12 of 3rd period - Anthony Cirelli wins face-off versus Drake Caggiula in Eagles zone.
2:13 of 3rd period - Backhand shot by Brock Boeser.
2:13 of 3rd period - Shot Misses the Net.
2:37 of 3rd period - Daniel Carr is hit by Brendan Guhle and loses puck.
3:35 of 3rd period - Snap shot by Dmitrij Jaskin.
3:35 of 3rd period - Shot Misses the Net.
3:37 of 3rd period - Snap shot by Dmitrij Jaskin.
3:37 of 3rd period - Goal by Dmitrij Jaskin - Eagles : 3 - Crunch : 1.
3:38 of 3rd period - Anthony Cirelli wins face-off versus Jonathan Marchessault in neutral zone.
3:49 of 3rd period - Slapshot by Daniel Carr.
3:49 of 3rd period - Shot Hit the Post.
3:55 of 3rd period - Brock Boeser is hit by Jonathan Marchessault and loses puck.
4:42 of 3rd period - Slapshot by Mitch Callahan.
4:42 of 3rd period - Stopped by Marek Mazanek with a rebound.
4:44 of 3rd period - Snap shot by Mitch Callahan.
4:44 of 3rd period - Shot Blocked by Jared McCann.
5:10 of 3rd period - Icing by John Ramage.
5:11 of 3rd period - William Nylander wins face-off versus Jared McCann in Eagles zone.
5:43 of 3rd period - Slapshot by John Ramage.
5:43 of 3rd period - Shot Misses the Net.
6:05 of 3rd period - Wrist shot by Drake Caggiula.
6:05 of 3rd period - Stopped by Kaapo Kahkonen with a rebound.
6:08 of 3rd period - Icing by Teemu Hartikainen.
6:09 of 3rd period - Christoffer Ehn wins face-off versus Drake Caggiula in Crunch zone.
6:09 of 3rd period - Christoffer Ehn is hit by Matteson Iacopelli.
6:48 of 3rd period - Slapshot by Thomas Chabot.
6:48 of 3rd period - Stopped by Kaapo Kahkonen with a rebound.
6:50 of 3rd period - Snap shot by Jared McCann.
6:50 of 3rd period - Stopped by Kaapo Kahkonen with a rebound.
7:05 of 3rd period - Jeremy Lauzon is hit by Jonathan Racine.
7:17 of 3rd period - Connor Bunnaman is hit by Jonathan Marchessault.
7:27 of 3rd period - Jeremy Lauzon is hit by Jared McCann and loses puck.
7:40 of 3rd period - Wrist shot by Teemu Hartikainen.
7:40 of 3rd period - Shot Misses the Net.
7:42 of 3rd period - Slapshot by Brendan Guhle.
7:42 of 3rd period - Deflect By Teemu Hartikainen.
7:42 of 3rd period - Stopped by Marek Mazanek without a rebound.
7:43 of 3rd period - Jonathan Marchessault wins face-off versus Christoffer Ehn in Eagles zone.
8:04 of 3rd period - Snap shot by Brock Boeser.
8:04 of 3rd period - Shot Blocked by Joel Edmundson.
8:06 of 3rd period - Slapshot by Brock Boeser.
8:06 of 3rd period - Stopped by Marek Mazanek without a rebound.
8:07 of 3rd period - Drake Caggiula wins face-off versus Anthony Cirelli in Eagles zone.
8:16 of 3rd period - Wrist shot by Drake Caggiula.
8:16 of 3rd period - Shot Misses the Net.
8:22 of 3rd period - Tomas Tatar is hit by William Nylander and loses puck.
8:32 of 3rd period - Minor Penalty to Brock Boeser for Tripping.
8:33 of 3rd period - William Nylander wins face-off versus Jonathan Marchessault in Crunch zone.
8:44 of 3rd period - Wrist shot by Dmitrij Jaskin.
8:44 of 3rd period - Stopped by Kaapo Kahkonen with a rebound.
9:02 of 3rd period - Backhand shot by Joel Edmundson.
9:02 of 3rd period - Shot Blocked by Brendan Guhle.
9:12 of 3rd period - Minor Penalty to Drake Caggiula for Hooking.
9:13 of 3rd period - William Nylander wins face-off versus Tomas Tatar in Eagles zone.
9:16 of 3rd period - Snap shot by William Nylander.
9:16 of 3rd period - Shot Misses the Net.
9:18 of 3rd period - Wrist shot by William Nylander.
9:18 of 3rd period - Shot Blocked by Daniel Carr.
10:13 of 3rd period - Snap shot by Dalton Smith.
10:13 of 3rd period - Shot Misses the Net.
10:32 of 3rd period - Penalty to Brock Boeser is over, Brock Boeser is back on ice.
10:35 of 3rd period - Charles-Olivier Roussel is hit by John Ramage and loses puck.
11:12 of 3rd period - Penalty to Drake Caggiula is over, Drake Caggiula is back on ice.
11:18 of 3rd period - Snap shot by Nicolas Aube-Kubel.
11:18 of 3rd period - Shot Blocked by Drake Caggiula.
11:24 of 3rd period - Slapshot by Nicolas Aube-Kubel.
11:24 of 3rd period - Stopped by Marek Mazanek without a rebound.
11:25 of 3rd period - Zach Aston-Reese wins face-off versus Dylan Strome in Eagles zone.
11:32 of 3rd period - Slapshot by Joseph Blandisi.
11:32 of 3rd period - Stopped by Kaapo Kahkonen with a rebound.
11:34 of 3rd period - Slapshot by Jared McCann.
11:34 of 3rd period - Shot Blocked by Jeremy Lauzon.
11:36 of 3rd period - Wrist shot by Zach Aston-Reese.
11:36 of 3rd period - Stopped by Kaapo Kahkonen with a rebound.
11:38 of 3rd period - Slapshot by Connor Carrick.
11:38 of 3rd period - Shot Misses the Net.
11:55 of 3rd period - Snap shot by Jacob Larsson.
11:55 of 3rd period - Deflect By Thomas Chabot.
11:55 of 3rd period - Stopped by Marek Mazanek with a rebound.
11:57 of 3rd period - Slapshot by Dylan Strome.
11:57 of 3rd period - Deflect By Kevin Fiala.
11:57 of 3rd period - Stopped by Marek Mazanek without a rebound.
11:58 of 3rd period - Connor Bunnaman wins face-off versus Zach Aston-Reese in Eagles zone.
11:59 of 3rd period - Slapshot by Anatoli Golyshev.
11:59 of 3rd period - Shot Blocked by Joel Edmundson.
12:01 of 3rd period - Slapshot by Michael Downing.
12:01 of 3rd period - Shot Blocked by Stefan Elliott.
12:03 of 3rd period - Slapshot by Michael Downing.
12:03 of 3rd period - Stopped by Marek Mazanek with a rebound.
12:05 of 3rd period - Slapshot by Jacob Larsson.
12:05 of 3rd period - Shot Misses the Net.
12:07 of 3rd period - Slapshot by Jacob Larsson.
12:07 of 3rd period - Shot Hit the Post.
12:44 of 3rd period - Snap shot by Drake Caggiula.
12:44 of 3rd period - Stopped by Kaapo Kahkonen without a rebound.
12:45 of 3rd period - Jonathan Marchessault wins face-off versus Dylan Strome in Crunch zone.
12:46 of 3rd period - Snap shot by Dmitrij Jaskin.
12:46 of 3rd period - Stopped by Kaapo Kahkonen with a rebound.
12:48 of 3rd period - Slapshot by Ryan Murphy.
12:48 of 3rd period - Stopped by Kaapo Kahkonen without a rebound.
12:49 of 3rd period - Dylan Strome wins face-off versus Jonathan Marchessault in Crunch zone.
13:16 of 3rd period - Snap shot by Jacob Larsson.
13:16 of 3rd period - Stopped by Marek Mazanek without a rebound.
13:17 of 3rd period - Drake Caggiula wins face-off versus Anthony Cirelli in Eagles zone.
13:19 of 3rd period - Minor Penalty to Joel Edmundson for Slashing.
13:20 of 3rd period - William Nylander wins face-off versus Daniel Carr in Eagles zone.
13:20 of 3rd period - Snap shot by Brock Boeser.
13:20 of 3rd period - Shot Misses the Net.
13:26 of 3rd period - Snap shot by Brock Boeser.
13:26 of 3rd period - Shot Misses the Net.
13:28 of 3rd period - Wrist shot by Brendan Guhle.
13:28 of 3rd period - Stopped by Marek Mazanek with a rebound.
13:30 of 3rd period - Snap shot by Anthony Cirelli.
13:30 of 3rd period - Stopped by Marek Mazanek with a rebound.
13:32 of 3rd period - Slapshot by Brendan Guhle.
13:32 of 3rd period - Shot Misses the Net.
13:36 of 3rd period - Snap shot by Brock Boeser.
13:36 of 3rd period - Deflect By Thomas Chabot.
13:36 of 3rd period - Shot Blocked by Daniel Carr.
13:36 of 3rd period - Puck is out of play.
13:37 of 3rd period - Anthony Cirelli wins face-off versus Daniel Carr in Eagles zone.
13:38 of 3rd period - Wrist shot by Brock Boeser.
13:38 of 3rd period - Shot Misses the Net.
13:46 of 3rd period - Wrist shot by Tomas Tatar.
13:46 of 3rd period - Stopped by Kaapo Kahkonen without a rebound.
13:47 of 3rd period - Daniel Carr wins face-off versus Anthony Cirelli in Crunch zone.
13:48 of 3rd period - Slapshot by Tomas Tatar.
13:48 of 3rd period - Stopped by Kaapo Kahkonen without a rebound.
13:49 of 3rd period - Daniel Carr wins face-off versus Anthony Cirelli in Crunch zone.
13:50 of 3rd period - Snap shot by Tomas Tatar.
13:50 of 3rd period - Shot Misses the Net.
13:56 of 3rd period - Snap shot by William Nylander.
13:56 of 3rd period - Shot Blocked by Tomas Tatar.
13:58 of 3rd period - Snap shot by Brendan Guhle.
13:58 of 3rd period - Stopped by Marek Mazanek with a rebound.
14:00 of 3rd period - Slapshot by Brendan Guhle.
14:00 of 3rd period - Stopped by Marek Mazanek without a rebound.
14:01 of 3rd period - Anthony Cirelli wins face-off versus Daniel Carr in Eagles zone.
15:19 of 3rd period - Penalty to Joel Edmundson is over, Joel Edmundson is back on ice.
15:25 of 3rd period - Wrist shot by Thomas Chabot.
15:25 of 3rd period - Shot Misses the Net.
15:41 of 3rd period - Minor Penalty to Zach Aston-Reese for Interference.
15:42 of 3rd period - Anthony Cirelli wins face-off versus Daniel Carr in Eagles zone.
16:13 of 3rd period - Snap shot by Nicolas Aube-Kubel.
16:13 of 3rd period - Stopped by Marek Mazanek with a rebound.
17:41 of 3rd period - Penalty to Zach Aston-Reese is over, Zach Aston-Reese is back on ice.
17:49 of 3rd period - Backhand shot by Tomas Tatar.
17:49 of 3rd period - Shot Blocked by Anthony Cirelli.
18:01 of 3rd period - Connor Carrick is hit by Mitch Callahan and loses puck.
18:33 of 3rd period - Slapshot by John Ramage.
18:33 of 3rd period - Stopped by Kaapo Kahkonen without a rebound.
18:34 of 3rd period - Max McCormick wins face-off versus Jonathan Marchessault in Crunch zone.
18:34 of 3rd period - Max McCormick is hit by Ryan Murphy.
18:42 of 3rd period - Slapshot by Jonathan Marchessault.
18:42 of 3rd period - Goal by Jonathan Marchessault - Eagles : 4 - Crunch : 1.
18:43 of 3rd period - Jonathan Marchessault wins face-off versus Anthony Cirelli in neutral zone.
18:50 of 3rd period - Snap shot by Daniel Carr.
18:50 of 3rd period - Stopped by Kaapo Kahkonen with a rebound.
18:52 of 3rd period - Wrist shot by Daniel Carr.
18:52 of 3rd period - Shot Misses the Net.
18:54 of 3rd period - Snap shot by Jonathan Marchessault.
18:54 of 3rd period - Shot Misses the Net.
19:02 of 3rd period - Jeremy Lauzon is hit by Jonathan Marchessault.
19:21 of 3rd period - Snap shot by Jeremy Lauzon.
19:21 of 3rd period - Deflect By Brock Boeser.
19:21 of 3rd period - Stopped by Marek Mazanek with a rebound.
19:23 of 3rd period - Backhand shot by William Nylander.
19:23 of 3rd period - Stopped by Marek Mazanek with a rebound.
19:25 of 3rd period - Slapshot by Brendan Guhle.
19:25 of 3rd period - Shot Misses the Net.
19:27 of 3rd period - Snap shot by Anthony Cirelli.
19:27 of 3rd period - Stopped by Marek Mazanek with a rebound.
19:29 of 3rd period - Slapshot by Anthony Cirelli.
19:29 of 3rd period - Shot Blocked by Stefan Elliott.
19:31 of 3rd period - Snap shot by William Nylander.
19:31 of 3rd period - Stopped by Marek Mazanek with a rebound.
19:33 of 3rd period - Slapshot by Jeremy Lauzon.
19:33 of 3rd period - Shot Blocked by Joseph Blandisi.
19:35 of 3rd period - Slapshot by Brock Boeser.
19:35 of 3rd period - Deflect By Jared McCann.
19:35 of 3rd period - Shot Blocked by Joseph Blandisi.
19:35 of 3rd period - Puck is out of play.
19:36 of 3rd period - Nicolas Aube-Kubel wins face-off versus Jonathan Marchessault in Eagles zone.
Goals for this period are 2 for Eagles vs 0 for Crunch.
Shots for this period are 16 for Eagles vs 18 for Crunch.